 Dungeon Crawl Stone Soup version 0.29.1 (webtiles) character file.

Game seed: 2925965661397925145

355 qw the Chopper (level 6, -5/39 HPs)
             Began as a Gargoyle Fighter on Sept 13, 2022.
             Slain by an ogre
             ... wielding a +0 giant club
              (25 damage)
             ... on level 4 of the Dungeon.
             The game lasted 00:01:16 (3925 turns).

qw the Chopper (Gargoyle Fighter)                   Turns: 3925, Time: 00:01:16

Health: -5/39      AC: 20    Str: 21    XL:     6   Next: 63%
Magic:  5/5        EV:  5    Int:  9    God:
Gold:   246        SH:  4    Dex:  9    Spells: 5/5 levels left

rFire   . . .      SeeInvis .   Y - +1 war axe
rCold   . . .      Faith    .   c - +0 buckler
rNeg    + . .      Spirit   .   n - +0 plate armour
rPois   inf        Reflect  .   (helmet restricted)
rElec   +          Harm     .   g - +0 cloak
rCorr   .          Rampage  .   k - +0 pair of gloves
Will    .....                   (no boots)
Stlth   ..........              (no amulet)
HPRegen 0.13/turn               (no ring)
MPRegen 0.09/turn               (no ring)

@: no status effects
A: sickness immunity, AC +4, negative energy resistance 1, electricity
resistance, torment resistance 1, petrification resistance, horns 1, iridescent
scales 1, low MP 1, MP-powered wands
a: no special abilities


You were on level 4 of the Dungeon.
You visited 1 branch of the dungeon, and saw 5 of its levels.

You collected 246 gold pieces.


Innate Abilities, Weirdness & Mutations

You are immune to sickness and miasma.
Your stone body is resilient. (AC +4)
You are immune to poison.
You resist negative energy. (rN+)
You are resistant to electric shocks. (rElec)
You are resistant to unholy torment.
You are immune to petrification.
You have a pair of small horns on your head.
You are partially covered in iridescent scales. (AC +2)
Your magical capacity is low. (-10% MP)
You expend magic power (3 MP) to strengthen your wands.


   Skills:
 - Level 4.3 Fighting
 + Level 5.7 Axes
 - Level 3.2 Armour
 - Level 3.2 Shields


You had 5 spell levels left.
You didn't know any spells.
Your spell library was empty.

Inventory:

Hand Weapons
 o - a +0 morningstar
 Y - a +1 war axe (weapon)
Missiles
 i - 5 boomerangs (quivered)
Armour
 c - a +0 buckler (worn)
 g - a +0 cloak (worn)
 k - a +0 pair of gloves (worn)
 n - a +0 plate armour (worn)
Scrolls
 a - 3 scrolls of identify
Potions
 d - a potion of might
 e - a potion of cancellation
 f - a potion of resistance
 l - a potion of attraction
 m - 3 potions of curing

Dungeon Overview and Level Annotations

Branches:
Dungeon (5/15)
 Temple: D:4-7

Altars:

Annotations:
D:4 Eustachio
D:5 Pikel


Message History

You kill the lemure!
That felt strangely unrewarding.
You hit the lemure. The lemure hits you but does no damage.
You miss the lemure. Your headbutt misses the lemure.
The lemure is almost dead.
You block the lemure's attack. The lemure hits you.
You slash the lemure!
You kill the lemure!
That felt strangely unrewarding.
You start resting.
HP restored.
Done exploring.
(D) Dungeon
Where to? (* - list waypoints, Enter - D:5, ? - help)
What level of the Dungeon? (default 1, ? - help)
You climb downwards.
Level annotation: Eustachio Pikel shouts!
The lemure shouts!
The orc shouts!
You hear a shout!
The ogre hits you with a +0 giant club!
Eustachio gestures wildly while chanting.
Eustachio barely misses you.
There is a stone staircase leading up here.
3922 ||| STAIRDANCE The ogre barely misses you.
Eustachio hits you but does no damage.
You climb upwards.
The shadow imp disappears in a puff of smoke!
The crimson imp disappears in a puff of smoke! x2
There is a stone staircase leading down here.
You slash Eustachio! You headbutt Eustachio.
Eustachio is moderately wounded.
You barely miss the ogre. The ogre hits you with a +0 giant club!
Eustachio gestures wildly while chanting.
Eustachio blinks!
You barely miss the ogre. You headbutt the ogre!
The ogre is moderately wounded.
Eustachio gestures wildly while chanting.
The ogre hits you with a +0 giant club!!
Ouch! That really hurt!
You die...

# #.### #.##.# #######..# #
#...## #.##.# ##..## #
###..#####.##.# ##..## #
##..)..#r##.# #..## #
#####).@r#.# #.## # #....#....#
###.#######
########....#.#..######..........
........).....##O##.(............
########....####@...####.........
# #....# #.ยค.## #......... #
#....# #...# #......... # #....#
#...# #......... # #....# #...#
#......... # #....# #...#
#......... # ###### #...#
########## # #|..# # #...#


You could see Eustachio, an ogre, a quokka (summoned) and a rat (summoned).

Vanquished Creatures
  2 lemures (D:4)
  3 hounds (D:4)
  An orc priest (D:4)
  Terence (D:3)
  2 iguanas (D:4)
  An orc wizard (D:4)
  A gnoll (D:4)
  5 adders (D:4)
  2 worms (D:2)
  2 dart slugs
  3 orcs
  5 ball pythons
  8 bats
  11 endoplasms
  2 giant cockroaches
  3 goblins
  10 hobgoblins
  8 kobolds
  3 frilled lizards
  2 rats
75 creatures vanquished.

Vanquished Creatures (others)
  A plant (D:1)
1 creature vanquished.

Grand Total: 76 creatures vanquished

Notes
Turn   | Place    | Note
-------+----------+-------------------------------------------
     0 | D:1      | qw the Gargoyle Fighter began the quest for the Orb.
     0 | D:1      | Reached XP level 1. HP: 14/14 MP: 1/1
     0 | D:1      | 0 ||| qw: Version: 0.1-a-119-g272c26d
     0 | D:1      | 0 ||| qw: Game counter: 11248
     0 | D:1      | 0 ||| qw: Always use a shield: true
     0 | D:1      | 0 ||| qw: God list: Okawaru
     0 | D:1      | 0 ||| qw: Allow faded altars: false
     0 | D:1      | 0 ||| qw: Do Orc after D:15 true
     0 | D:1      | 0 ||| qw: Do second Lair branch before Depths: true
     0 | D:1      | 0 ||| qw: Lair rune preference: random
     0 | D:1      | 0 ||| qw: Plans: Normal, Zot, God:TSO, Crypt, Tomb, Pan,
                  | Slime, Hells, Zig, Abyss, Orb
     0 | D:1      | 0 ||| PLANNING D:1-11
    21 | D:1      | Reached skill level 2 in Axes
   255 | D:1      | Reached XP level 2. HP: 19/19 MP: 2/2
   300 | D:1      | 300 ||| Stepping ~*~*~tactically~*~*~ (stealth).
   433 | D:1      | Reached skill level 3 in Axes
   532 | D:1      | Reached XP level 3. HP: 23/23 MP: 3/3
   662 | D:1      | 662 ||| UPGRADING to +0 helmet.
   667 | D:1      | 667 ||| UPGRADING to +0 plate armour.
   677 | D:1      | 677 ||| DROPPING +0 scale mail.
   678 | D:1      | 678 ||| READING scroll labelled TAUT CIMNEEX.
   679 | D:1      | 679 ||| READING scroll labelled ONODABB SUFIPN.
   680 | D:1      | 680 ||| READING scroll labelled VUANEI SAFE.
   684 | D:1      | 684 ||| READING scroll labelled VYUSOBB ROISU.
   685 | D:1      | 685 ||| READING scroll labelled LOOK QOOPEU.
   686 | D:1      | 686 ||| DRINKING 2 grey potions.
   687 | D:1      | 687 ||| DROPPING potion of flight.
  1210 | D:2      | 1210 ||| UPGRADING to +0 cloak.
  1215 | D:2      | 1215 ||| UPGRADING to +0 pair of gloves.
  1220 | D:2      | 1220 ||| READING scroll labelled MYV IRPHUUSELL.
  1221 | D:2      | 1221 ||| READING scroll labelled WOSSIT ESHAIV.
  1222 | D:2      | 1222 ||| READING scroll labelled GACA SUZUTH.
  1323 | D:2      | 1323 ||| READING scroll labelled IMOSHY NUHUINN.
  1324 | D:2      | 1324 ||| DRINKING 2 purple potions.
  1542 | D:3      | Noticed Terence
  1550 | D:3      | Killed Terence
  1551 | D:3      | Reached skill level 4 in Axes
  1551 | D:3      | Reached XP level 4. HP: 26/28 MP: 4/4
  1575 | D:3      | 1575 ||| DROPPING +0 whip.
  1875 | D:3      | Found a faded altar of an unknown god.
  2398 | D:3      | 2398 ||| DROPPING +6 ring of intelligence.
  2399 | D:3      | 2399 ||| READING scroll labelled ATRAYN NOYG.
  2400 | D:3      | 2400 ||| READING scroll labelled DAFY HALLIL.
  2401 | D:3      | 2401 ||| READING scroll labelled NUAHOQ KEERORGH.
  2402 | D:3      | 2402 ||| DRINKING 3 white potions.
  2402 | D:3      | Gained mutation: You occasionally shout uncontrollably at
                  | your foes. [potion of mutation]
  2402 | D:3      | Gained mutation: Your magical capacity is low. (-10% MP)
                  | [potion of mutation]
  2402 | D:3      | Gained mutation: You occasionally lose the ability to read
                  | scrolls when taking damage. [potion of mutation]
  2402 | D:3      | Gained mutation: Your natural rate of healing is unusually
                  | fast. [potion of mutation]
  2403 | D:3      | 2403 ||| DRINKING 2 potions of mutation.
  2403 | D:3      | Lost mutation: Your natural rate of healing is unusually
                  | fast. [potion of mutation]
  2403 | D:3      | Lost mutation: You occasionally shout uncontrollably at
                  | your foes. [potion of mutation]
  2403 | D:3      | Lost mutation: Your magical capacity is low. (-10% MP)
                  | [potion of mutation]
  2403 | D:3      | Gained mutation: You expend magic power (3 MP) to
                  | strengthen your wands. [potion of mutation]
  2403 | D:3      | Gained mutation: You are somewhat resistant to further
                  | mutation. [potion of mutation]
  2404 | D:3      | 2404 ||| DRINKING potion of mutation.
  2404 | D:3      | Lost mutation: You occasionally lose the ability to read
                  | scrolls when taking damage. [potion of mutation]
  2404 | D:3      | Lost mutation: You are somewhat resistant to further
                  | mutation. [potion of mutation]
  2404 | D:3      | Gained mutation: Your magical capacity is low. (-10% MP)
                  | [potion of mutation]
  2404 | D:3      | Gained mutation: You are partially covered in iridescent
                  | scales. (AC +2) [potion of mutation]
  2404 | D:3      | Gained mutation: You have a pair of small horns on your
                  | head. [potion of mutation]
  2405 | D:3      | 2405 ||| DROPPING +0 helmet.
  2406 | D:3      | 2406 ||| READING 2 scrolls of identify.
  2406 | D:3      | 2406 ||| IDENTIFYING amethyst potion
  2407 | D:3      | 2407 ||| DROPPING potion of magic.
  2598 | D:4      | HP: 6/28 [iguana (2)]
  2599 | D:4      | 2599 ||| READING scroll of teleportation.
  2601 | D:4      | Reached XP level 5. HP: 8/32 MP: 4/4
  2885 | D:4      | 2885 ||| DRINKING 2 potions of curing.
  2885 | D:4      | 2885 ||| (to cure confusion)
  2928 | D:4      | Reached skill level 5 in Axes
  2978 | D:4      | 2978 ||| Stepping ~*~*~tactically~*~*~ (stealth).
  2999 | D:4      | 2999 ||| Stepping ~*~*~tactically~*~*~ (stealth).
  3447 | D:4      | Reached XP level 6. HP: 38/39 MP: 5/5
  3738 | D:4      | 3738 ||| DROPPING orb of light.
  3739 | D:4      | 3739 ||| READING scroll labelled BESEOZ FEIN.
  3794 | D:4      | 3794 ||| READING 7 scrolls of identify.
  3794 | D:4      | 3794 ||| IDENTIFYING coppery potion
  3795 | D:4      | 3795 ||| READING 6 scrolls of identify.
  3795 | D:4      | 3795 ||| IDENTIFYING sedimented white potion
  3796 | D:4      | 3796 ||| READING 5 scrolls of identify.
  3796 | D:4      | 3796 ||| IDENTIFYING smoky black potion
  3797 | D:4      | 3797 ||| READING 4 scrolls of identify.
  3797 | D:4      | 3797 ||| IDENTIFYING puce potion
  3798 | D:4      | 3798 ||| DROPPING potion of berserk rage.
  3833 | D:5      | Entered Level 5 of the Dungeon
  3835 | D:5      | 3835 ||| STAIRDANCE
  3841 | D:5      | Noticed Eustachio
  3842 | D:5      | 3842 ||| STAIRDANCE
  3921 | D:5      | Noticed Pikel
  3922 | D:5      | 3922 ||| STAIRDANCE
  3925 | D:4      | Slain by an ogre

Levels and vault maps discovered:
D:1:      minmay_arrival_shattered_statue, layout_rooms, serial_forest,
          infiniplex_forest_lined_corner, infiniplex_forest_zigzag_2,
          infiniplex_forest_corner_1, infiniplex_forest_clump_curved,
          infiniplex_forest_zigzag_2, infiniplex_forest_end_double
D:2:      layout_basic, nicolae_elevator_lobby_asterisk
D:3:      layout_basic, dreamdust_ecumenical_altar_angels_and_demons,
          uniq_terence
D:4:      layout_basic, minmay_joined_circles
D:5:      layout_basic, temple_hall, hangedman_minor_gate_pass, uniq_pikel,
          uniq_eustachio

Skill      XL: |  1  2  3  4  5 |
---------------+----------------+-----
Axes           | 2 3 4 5 |  5.7
Fighting       | 4 |  4.3
Armour         | |  3.2
Shields        | |  3.2

Action                   |  1- 3 |  4- 6 || total
-------------------------+-------+-------++-------
Melee: War axe           |    87 |   134 ||   221
       Headbutt          |       |    18 ||    18
Throw: Boomerang         |       |    17 ||    17
  Use: Scroll            |     9 |    10 ||    19
       Potion            |     2 |     4 ||     6
Armor: Scale mail        |    22 |       ||    22
       Plate armour      |    19 |   107 ||   126
Dodge: Dodged            |    32 |    36 ||    68
Block: Buckler           |    20 |    24 ||    44

Table legend:
 A = Non-vault XP
 B = Vault XP
 C = Vault XP percentage of total XP
 D = Non-vault monster count
 E = Vault monster count
 F = Vault count percentage of total count
                 A         B        C        D         E       F
            +---------+---------+-------+---------+---------+-------
      Total |     315 |     193 |  38.0 |      57 |      16 |  21.9
            +---------+---------+-------+---------+---------+-------
        D:1 |      38 |       0 |   0.0 |      19 |       0 |   0.0
        D:2 |      29 |       0 |   0.0 |      13 |       0 |   0.0
        D:3 |      25 |      36 |  59.0 |      14 |       1 |   6.7
        D:4 |     223 |     157 |  41.3 |      11 |      15 |  57.7
            +---------+---------+-------+---------+---------+-------
